 Dungeon Crawl Stone Soup version 0.23.0 (webtiles) character file.

Game seed: 11324507035060779897

1050 LostNumber the Cudgeler (level 8, -2/51 HPs)
             Began as a Gargoyle Fighter on Feb 16, 2019.
             Killed by divine providence
             ... invoked by an orc priest
              (16 damage)
             ... on level 6 of the Dungeon.
             The game lasted 00:05:03 (4337 turns).

LostNumber the Cudgeler (Gargoyle Fighter)          Turns: 4337, Time: 00:05:04

Health: -2/51      AC: 14    Str: 22    XL:     8   Next: 26%
Magic:  8/8        EV: 13    Int:  9    God:
Gold:   179        SH:  0    Dex: 14    Spells: 7/7 levels left

rFire    + . .     SeeInvis .   a - +0 flail
rCold    . . .     Gourm    .   c - +0 shield
rNeg     + . .     Faith    .   b - +0 scale mail
rPois    ∞         Spirit   .   s - +0 helmet
rElec    +         Reflect  +   C - scarf {cloud immunity}
rCorr    .         Harm     .   (no gloves)
MR       .....                  B - +0 pair of boots
Stlth    ..........             q - +2 amulet of reflection
HPRegen  0.17/turn              i - ring of protection from fire
MPRegen  0.11/turn              (no ring)

@: confused, agile
A: negative energy resistance 1, electricity resistance, unbreathing,
petrification resistance, rot immunity, AC +5
a: no special abilities


You were on level 6 of the Dungeon.
You were very hungry.

You visited 1 branch of the dungeon, and saw 6 of its levels.

You collected 179 gold pieces.

Inventory:

Hand Weapons
 a - a +0 flail (weapon)
Armour
 b - a +0 scale mail (worn)
 c - a +0 shield (worn)
 s - a +0 helmet (worn)
   (You took it off Robin on level 3 of the Dungeon)
 B - a +0 pair of boots (worn)
   (You found it on level 5 of the Dungeon)
 C - a scarf of cloud immunity (worn)
   (You found it on level 5 of the Dungeon)
Jewellery
 i - a ring of protection from fire (left hand)
   (You found it on level 6 of the Dungeon)
 q - a +2 amulet of reflection (around neck)
   (You found it on level 3 of the Dungeon)
 u - a cursed amulet of inaccuracy {unknown}
   (You found it on level 3 of the Dungeon)
Wands
 g - a wand of enslavement (9)
   (You took it off Ijyb on level 3 of the Dungeon)
Scrolls
 h - a scroll of random uselessness {unknown}
 j - a scroll of magic mapping {unknown}
 n - 6 scrolls of identify {unknown}
 o - a scroll of teleportation {unknown}
 r - a scroll of fear {unknown}
 v - a scroll of fog {unknown}
 y - 3 scrolls of remove curse {unknown}
 z - a scroll of amnesia {unknown}
 D - a scroll of enchant weapon {unknown}
Potions
 d - a potion of might
 f - a potion of curing {unknown}
 k - a potion of mutation {unknown}
 l - 2 potions of cancellation {unknown}
 m - a potion of degeneration {unknown}
 p - a potion of haste {unknown}
 t - a potion of brilliance {unknown}
 w - 2 potions of agility
 x - a potion of lignification {unknown}
 A - a potion of heal wounds {unknown}
 E - a potion of flight {unknown}
Comestibles
 e - 15 rations {!d}


   Skills:
 + Level 6.1 Fighting
 * Level 6.9 Maces & Flails
 - Level 3.2 Armour
 + Level 6.0 Shields


You had 7 spell levels left.
You didn't know any spells.
Your spell library was empty.

Dungeon Overview and Level Annotations

Branches:
Dungeon (6/15)
 Temple: D:4-7

Altars:

Annotations:
D:4 3 runed translucent doors, iano21's ghost, novice HaHu


Innate Abilities, Weirdness & Mutations

You are resistant to torment.
Your stone body is resilient. (AC +5)
You are immune to poison.
You resist negative energy. (rN+)
You are resistant to electric shocks. (rElec)
You can survive without breathing.
You are immune to petrification.
You are immune to rotting.


Message History

There are monsters nearby!
There are monsters nearby!
An orc priest comes into view. It is wielding a +0 club.
The centaur shouts!
The orc priest shouts!
The centaur wields a +0 shortbow.
The centaur shoots an arrow.
The arrow hits you!
The orc priest looks braver for a moment.
You see here an arrow.
An orc wizard comes into view. It is wielding a +0 dagger.
The orc wizard shouts!
The centaur shoots an arrow.
You reflect the arrow off an invisible shield around you!
The arrow barely misses the centaur.
The centaur shoots an arrow.
You reflect the arrow off an invisible shield around you!
The arrow hits the centaur.
Found an arrow.
The orc wizard hits you but does no damage.
The orc priest mumbles some strange prayers to Beogh against you.
Beogh smites you!
The centaur unwields a +0 shortbow.
The centaur barely misses you.
You hear a shout!
You sock the centaur! You block the centaur's attack.
The orc wizard hits you but does no damage.
The orc priest mumbles some strange prayers to Beogh against you.
Beogh smites you!
* * * LOW HITPOINT WARNING * * *
The centaur barely misses you. You block the centaur's attack.
You barely miss the centaur. You block the centaur's attack.
The orc wizard casts a spell at you.
You are confused.
The centaur hits you but does no damage.
The orc wizard gestures at you while chanting.
You resist with some effort. The centaur hits you.
* * * LOW HITPOINT WARNING * * *
Unknown command.
You barely miss the centaur.
The orc wizard mumbles some strange words.
The orc wizard flickers and vanishes!
Deactivating autopickup; reactivate with Ctrl-A.
The centaur hits you.
* * * LOW HITPOINT WARNING * * *
It was a potion of agility.
You feel agile all of a sudden. The centaur closely misses you.
An orc wizard comes into view. It is wielding a +0 dagger.
The orc priest calls down the wrath of Beogh upon you.
Beogh smites you!
You die...

#.# #######.###.## #.#
............# #[#
.######.##### #.# #.#
#.#### #.# #(...+ #.#
###.#### #.# #####
##...##########.###...#
#...o{c@.........)....##
#o.#o##########.#.......
#..#.# ##.#.......
#o.#.# #.......... #.
#.# #.#......#. #. #(#
#...##...#. #.#
######.###. #. #.# #.
#.###.


You could see a centaur, an orc priest and 2 orc wizards.

Vanquished Creatures
  Menkaure (D:4)
  Duvessa (D:4)
  An ice beast (D:6)
  A phantom (D:6)
  A bullfrog (D:6)
  Dowan (D:4)
  A crimson imp (D:5)
  A hound (D:5)
  A bullfrog zombie (D:5)
  2 bullfrog skeletons
  A jelly (D:6)
  Jessica (D:2)
  2 iguanas (D:6)
  Ijyb (D:3)
  2 worker ants
  A worker ant zombie (D:6)
  Robin (D:3)
  4 adders
  A shadow imp (D:6)
  2 oozes
  An adder skeleton (D:5)
  3 worms
  4 dart slugs
  2 leopard geckos
  14 orcs
  5 bats
  3 giant cockroaches
  12 hobgoblins
  3 jackals (D:4)
  7 kobolds
  2 quokkas
  2 ball pythons
  4 frilled lizards
  15 goblins
  A leopard gecko skeleton (D:4)
  A leopard gecko zombie (D:6)
  7 rats
113 creatures vanquished.

Notes
Turn   | Place    | Note
-------+----------+-------------------------------------------
     0 | D:1      | LostNumber the Gargoyle Fighter began the quest for the
                  | Orb.
     0 | D:1      | Reached XP level 1. HP: 14/14 MP: 1/1
    72 | D:1      | Reached XP level 2. HP: 13/19 MP: 2/2
   564 | D:1      | Reached XP level 3. HP: 23/23 MP: 3/3
   968 | D:2      | Noticed Jessica
   971 | D:2      | Killed Jessica
   971 | D:2      | Reached XP level 4. HP: 23/29 MP: 4/4
  1537 | D:3      | Reached XP level 5. HP: 24/33 MP: 5/5
  1602 | D:3      | Noticed Robin
  1615 | D:3      | Killed Robin
  1829 | D:3      | Noticed Ijyb
  1844 | D:3      | Killed Ijyb
  2207 | D:4      | Reached XP level 6. HP: 39/39 MP: 6/6
  2284 | D:4      | Noticed Dowan
  2316 | D:4      | Killed Dowan
  2316 | D:4      | Noticed Duvessa
  2359 | D:4      | Killed Duvessa
  2359 | D:4      | Reached skill level 5 in Maces & Flails
  2438 | D:4      | Found a runed translucent gate.
  2442 | D:4      | Found a runed translucent gate.
  2443 | D:4      | Found a runed translucent gate.
  2443 | D:4      | Noticed iano21's ghost (novice HaHu)
  2769 | D:4      | Reached skill level 5 in Fighting
  2769 | D:4      | Reached skill level 5 in Shields
  2801 | D:4      | Noticed Menkaure
  2808 | D:4      | Killed Menkaure
  2808 | D:4      | Reached XP level 7. HP: 18/44 MP: 7/7
  3218 | D:5      | Entered Level 5 of the Dungeon
  4137 | D:6      | Reached XP level 8. HP: 35/51 MP: 8/8
  4337 | D:6      | Killed from afar by an orc priest

Skill      XL: |  1  2  3  4  5  6  7  8 |
---------------+-------------------------+-----
Maces & Flails | 3 4 5 6 |  6.9
Shields        | 4 5 6 |  6.0
Fighting       | 4 5 6 |  6.1
Armour         | |  3.2

Action                   |  1- 3 |  4- 6 |  7- 9 || total
-------------------------+-------+-------+-------++-------
Melee: Flail             |   121 |   249 |   175 ||   545
  Use: Potion            |       |       |     1 ||     1
  Eat: Chunk             |       |     7 |     4 ||    11
Armor: Scale mail        |    82 |    82 |   109 ||   273
Dodge: Dodged            |    34 |    66 |    42 ||   142
Block: Shield            |    79 |   125 |   114 ||   318
       Reflection        |       |     1 |     3 ||     4
